 Seeded DCSS version 0.27.1 (webtiles) character file.

Game seed: 42 (custom seed)

1170 a11behringer the Carver (level 8, -3/66 HPs)
             Began as a Minotaur Fighter on Aug 24, 2021.
             Was a Priest of Qazlal.
             Slain by a nine-headed hydra (7 damage)
             ... on level 6 of the Dungeon.
             The game lasted 00:35:06 (4954 turns).

a11behringer the Carver (Minotaur Fighter)          Turns: 4954, Time: 00:35:06

Health: -3/66      AC: 11    Str: 27    XL:     8   Next: 17%
Magic:  7/7        EV:  7    Int:  5    God:    Qazlal [***...]
Gold:   1125       SH: 15    Dex: 12    Spells: 7/7 levels left

rFire    + . .     SeeInvis .   a - +0 long sword
rCold    + . .     Faith    .   c - +0 kite shield
rNeg     . . .     Spirit   .   n - +0 chain mail
rPois    +         Reflect  .   (helmet restricted)
rElec    .         Harm     .   q - scarf {rC+ rF+}
rCorr    .         Rampage  .   (no gloves)
Will     .....                  h - +0 pair of boots
Stlth    ..........             p - amulet of magic regeneration
HPRegen  0.21/turn              z - +6 ring of strength
MPRegen  0.35/turn              B - ring of poison resistance

@: no status effects
A: horns 2, retaliatory headbutt
a: Renounce Religion, Upheaval, Elemental Force


You were on level 6 of the Dungeon.
You worshipped Qazlal.
Qazlal was most pleased with you.
You visited 1 branch of the dungeon, and saw 6 of its levels.
You also visited: Ossuary.

You collected 1125 gold pieces.

Inventory:

Hand Weapons
 a - a +0 long sword (weapon)
 s - a +0 hand crossbow
Missiles
 g - 45 sling bullets
 t - 30 bolts
Armour
 b - a +0 scale mail
 c - a +0 kite shield (worn)
 h - a +0 pair of boots (worn)
 j - a +0 cloak
 n - a +0 chain mail (worn)
 q - a scarf of resistance (worn)
Jewellery
 p - an amulet of magic regeneration (around neck)
 z - a +6 ring of strength (left hand)
 B - a ring of poison resistance (right hand)
Wands
 l - a wand of flame (3) (quivered)
Scrolls
 e - 2 scrolls of teleportation
 k - 2 scrolls of blinking {unknown}
 x - a scroll of identify
 y - 2 scrolls of fear {unknown}
 C - a scroll of holy word {unknown}
 D - 3 scrolls of fog
 E - a scroll of vulnerability {unknown}
 F - 3 scrolls of acquirement
 G - a scroll of brand weapon {unknown}
Potions
 d - a potion of degeneration {unknown}
 f - 2 potions of curing {unknown}
 i - a potion of resistance {unknown}
 o - 2 potions of attraction {unknown}
 r - 2 potions of brilliance
 u - a potion of haste {unknown}
 v - 2 potions of lignification {unknown}
 w - a potion of ambrosia {unknown}
 A - 2 potions of might


   Skills:
 - Level 4.1 Fighting
 * Level 9.6 Long Blades
 + Level 5.8 Armour
 + Level 0.9 Dodging
 + Level 5.9 Shields
 + Level 0.5 Evocations


You had 7 spell levels left.
You didn't know any spells.
Your spell library contained the following spells:

 Spells                   Type           Power      Damage    Failure   Level
 Animate Skeleton         Necr           0%         N/A       100%        1
 Apportation              Tloc           0%         N/A       100%        1
 Corona                   Hex            0%         N/A       100%        1
 Summon Small Mammal      Summ           0%         N/A       100%        1
 Sublimation of Blood     Necr           0%         N/A       100%        2
 Dazzling Flash           Conj/Hex       0%         N/A       100%        3
 Iskenderun's Mystic Bla  Conj/Tloc      0%         2d3       100%        4
 Petrify                  Tmut/Erth      0%         N/A       100%        4
 Irradiate                Conj/Tmut      0%         3d14      100%        5
 Starburst                Conj/Fire      0%         6d3       100%        6


Dungeon Overview and Level Annotations

Branches:
Dungeon (6/15)             Temple (0/1) D:6         Ossuary (visited)

Altars:
Dithmenos
Qazlal
Vehumet
Xom


Innate Abilities, Weirdness & Mutations

You have a pair of horns on your head.
You reflexively headbutt those who attack you in melee.


Message History

The puff of flame hits the nine-headed hydra.
The nine-headed hydra is heavily wounded.
Aiming: Throw Flame
Press: ? - help, Q - select action, (/) - cycle Shift-Dir - straight line, f/p - nine-headed hydra
Aim: a nine-headed hydra (heavily wounded, 89% to hit)
The puff of flame hits the nine-headed hydra.
The nine-headed hydra is severely wounded.
Aiming: Throw Flame
Press: ? - help, Q - select action, (/) - cycle Shift-Dir - straight line, f/p - nine-headed hydra
Aim: a nine-headed hydra (severely wounded, 89% to hit)
The puff of flame hits the nine-headed hydra!
The nine-headed hydra is severely wounded.
Aiming: Throw Flame
Press: ? - help, Q - select action, (/) - cycle Shift-Dir - straight line, f/p - nine-headed hydra
Aim: a nine-headed hydra (heavily wounded, 89% to hit)
The puff of flame hits the nine-headed hydra.
The nine-headed hydra is severely wounded.
Aiming: Throw Flame
Press: ? - help, Q - select action, (/) - cycle Shift-Dir - straight line, f/p - nine-headed hydra
Aim: a nine-headed hydra (heavily wounded, 89% to hit)
The puff of flame hits the nine-headed hydra.
The nine-headed hydra is severely wounded.
You fail to use your ability.
You block the nine-headed hydra's attack.
The nine-headed hydra bites you but does no damage.
The nine-headed hydra bites you!
You block the nine-headed hydra's attack.
The nine-headed hydra bites you.
* * * LOW HITPOINT WARNING * * *
The nine-headed hydra bites you!
* * * LOW HITPOINT WARNING * * *
The nine-headed hydra bites you.
* * * LOW HITPOINT WARNING * * *
The nine-headed hydra bites you but does no damage.
The nine-headed hydra bites you.
* * * LOW HITPOINT WARNING * * *
You barely miss the nine-headed hydra. You headbutt the nine-headed hydra!
The nine-headed hydra is severely wounded.
The nine-headed hydra bites you!
You die...

#..>...........
#P.P...........
#....P.........
#....!.........
#######.#......
#.#......
######.# .....
###...##.#
#.... #.
#....@##.# ####
#.# #.#...D..#
...#.....######
###.#.....#....
..........#...
#####.....#..
..........#.#
########.#.#.#
#............#


You could see a nine-headed hydra.

Vanquished Creatures
  A wraith (Ossuary)
  2 ogres
  A bullfrog (D:6)
  A scorpion (D:4)
  4 crimson imps (D:4)
  2 human zombies (Ossuary)
  An orc priest (D:4)
  2 hounds
  Crazy Yiuf (D:2)
  Natasha (thrice) (D:3)
  An iguana (D:6)
  2 orc wizards
  A hound skeleton (D:4)
  3 mummies (Ossuary)
  Robin (D:3)
  9 adders
  A white imp (D:5)
  An ufetubus (D:5)
  An adder skeleton (D:4)
  2 worms (D:3)
  A dart slug (D:1)
  13 orcs
  8 bats
  8 endoplasms
  2 giant cockroaches
  A gnoll zombie (Ossuary)
  9 goblins
  10 hobgoblins
  2 jackals (D:4)
  5 quokkas
  5 ball pythons
  3 frilled lizards
  2 goblin zombies (Ossuary)
  2 hobgoblin zombies (Ossuary)
  4 kobolds
  5 kobold zombies (Ossuary)
  5 rats
125 creatures vanquished.

Notes
Turn   | Place    | Note
-------+----------+-------------------------------------------
     0 | D:1      | a11behringer the Minotaur Fighter began the quest for the
                  | Orb.
     0 | D:1      | Reached XP level 1. HP: 19/19 MP: 0/0
   203 | D:1      | Reached XP level 2. HP: 22/27 MP: 1/1
  1079 | D:2      | Found a faded altar of an unknown god.
  1091 | D:2      | Became a worshipper of Qazlal Stormbringer
  1091 | D:2      | Reached * piety under Qazlal
  1146 | D:2      | Reached skill level 3 in Long Blades
  1146 | D:2      | Reached XP level 3. HP: 33/33 MP: 2/2
  1173 | D:2      | Found a runed translucent door.
  1174 | D:2      | Noticed Crazy Yiuf
  1180 | D:2      | Killed Crazy Yiuf
  1657 | D:2      | Reached XP level 4. HP: 40/40 MP: 3/3
  1894 | D:3      | Reached skill level 4 in Long Blades
  1960 | D:3      | Found a stormy altar of Qazlal.
  1967 | D:3      | Found a shadowy altar of Dithmenos.
  1971 | D:3      | Noticed Natasha
  1979 | D:3      | Killed Natasha
  2028 | D:3      | Found a radiant altar of Vehumet.
  2103 | D:3      | Reached ** piety under Qazlal
  2140 | D:3      | Reached XP level 5. HP: 45/46 MP: 4/4
  2156 | D:3      | Noticed Robin
  2185 | D:3      | Killed Robin
  2186 | D:3      | Reached skill level 5 in Long Blades
  2418 | D:3      | Noticed Natasha
  2423 | D:3      | Killed Natasha
  2429 | D:3      | Noticed Natasha
  2437 | D:3      | Killed Natasha
  2530 | D:3      | Noticed an ogre
  2536 | D:3      | Killed an ogre
  2537 | D:3      | Reached skill level 6 in Long Blades
  2537 | D:3      | Reached XP level 6. HP: 37/52 MP: 5/5
  2774 | D:4      | Reached skill level 7 in Long Blades
  2975 | D:4      | Reached *** piety under Qazlal
  2976 | D:4      | Reached skill level 5 in Armour
  2976 | D:4      | Reached XP level 7. HP: 28/59 MP: 6/6
  3017 | D:4      | Reached skill level 5 in Shields
  3322 | D:4      | Reached skill level 8 in Long Blades
  3519 | D:4      | Found a shimmering altar of Xom.
  3715 | D:5      | Entered Level 5 of the Dungeon
  4413 | D:6      | Found a sand-covered staircase.
  4426 | Ossuary  | Entered an ossuary
  4426 | Ossuary  | Noticed a wraith
  4426 | Ossuary  | Noticed a wraith
  4426 | Ossuary  | Noticed a wraith
  4483 | Ossuary  | Reached skill level 9 in Long Blades
  4492 | Ossuary  | Noticed a wraith
  4500 | Ossuary  | Killed a wraith
  4501 | Ossuary  | Reached XP level 8. HP: 41/66 MP: 7/7
  4898 | D:6      | Identified 4 scrolls of acquirement
  4898 | D:6      | Acquired 941 gold pieces
  4907 | D:6      | Noticed a four-headed hydra
  4908 | D:6      | Found a staircase to the Ecumenical Temple.
  4944 | D:6      | HP: 3/66 [nine-headed hydra (3)]
  4954 | D:6      | Slain by a nine-headed hydra

Illustrated notes

Levels and vault maps discovered:
D:1:      dpeg_arrival_boxes_within_box, layout_basic
D:2:      minmay_razor_zed, layout_basic, dreamdust_ecumenical_altar_grove,
          minmay_tree_intersection, uniq_crazy_yiuf_cottage
D:3:      layout_loops_ring, vehumet_altar_wand_db,
          mainiacjoe_overflow_big_doors, st_stairs_4, uniq_robin, uniq_natasha
D:4:      layout_loops_ring, led_xom_imps
D:5:      layout_loops_ring, kennysheep_cross_bottleneck
D:6:      layout_basic, grunt_temple_overflow_holy_war,
          nicolae_ru_the_path_less_chosen, minmay_temple_entry_overgrown,
          enter_ossuary_1, serial_shops, shop, hellmonk_ghost_happy_afterlife

Skill      XL: |  1  2  3  4  5  6  7 |
---------------+----------------------+-----
Fighting       | 4 |  4.1
Armour         | 4 5 |  5.8
Shields        | 4 5 |  5.9
Long Blades    | 3 4 6 7 9 |  9.6
Dodging        | |  0.9
Evocations     | |  0.5

Action                   |  1- 3 |  4- 6 |  7- 9 || total
-------------------------+-------+-------+-------++-------
Melee: Long sword        |    50 |   161 |   119 ||   330
       Headbutt          |     4 |    34 |    33 ||    71
Evoke: Wand              |       |     4 |     8 ||    12
  Use: Scroll            |       |     2 |     4 ||     6
       Potion            |       |     1 |     4 ||     5
Armor: Scale mail        |    17 |     5 |       ||    22
       Chain mail        |       |    72 |    66 ||   138
Dodge: Dodged            |    18 |    22 |    17 ||    57
Block: Kite shield       |    18 |   107 |   101 ||   226
       Rpst.: Long sword |     3 |     5 |     5 ||    13
